Map: [ESL] Amphion

Players

MaxPax - Winner!

  • Race: Protoss Protoss
  • Spawn Location: 11:00

Elazer

  • Race: Zerg Zerg
  • Spawn Location: 7:00

Event: ESL SC2 Masters 2024 Spring (Regional)

VOD

Have the link to the VOD?

Description

Time

  • Played on: April 28, 2024, 10:10 a.m.
  • Length: 6:12

All games in this series

Show
View Real Time Build Order
Export as new Build Order

MaxPax Protoss - Winner!

Build Orders: 1 Gate Expand, Oracle Opening 

Get SALT Encoding   

  12  0:00  Probe  
  13  0:12  Probe  
  14  0:21  Pylon  
  14  0:24  Probe  
  15  0:39  Probe (Chrono Boost)  
  15  0:42  Gateway  
  16  0:48  Probe (Chrono Boost)  
  17  0:50  Assimilator  
  17  0:53  Probe  
  18  1:05  Probe  
  19  1:17  Probe  
  20  1:28  Nexus  
  20  1:38  Cybernetics Core  
  20  1:41  Probe  
  21  1:48  Assimilator  
  21  1:53  Probe  
  22  1:56  Pylon  
  22  2:05  Probe  
  23  2:11  Adept (Chrono Boost)  
  25  2:18  Probe  
  26  2:24  Stargate  
  26  2:30  Probe (Chrono Boost)  
  26  2:31  Adept (Chrono Boost)  
  29  2:40  Probe (Chrono Boost)  
  29  2:41  Warp Gate  
  31  2:48  Probe (Chrono Boost)  
  31  2:49  Probe (Chrono Boost)  
  32  2:54  Probe x2 (Chrono Boost)  
  32  2:55  Adept  
  36  3:06  Probe x2  
  36  3:07  Oracle (Chrono Boost)  
  41  3:14  Pylon  
  41  3:18  Probe x2  
  43  3:30  Probe x2  
  45  3:40  Gateway  
  46  3:41  Oracle  
  46  3:42  Probe x2  
  46  3:54  Probe x2  
  48  3:58  Twilight Council  
  48  3:59  Gateway  
  48  4:02  Gateway  
  48  4:06  Probe  
  48  4:07  Pylon, Probe  
  50  4:11  Pylon  
  50  4:21  Probe  
  51  4:30  Probe  
  52  4:34  Stalker, Nexus  
  52  4:35  Pylon  
  52  4:36  Adept  
  52  4:37  Probe  
  52  4:38  Resonating Glaives (Chrono Boost)  
  57  4:46  Probe  
  57  4:48  Assimilator  
  57  4:49  Assimilator  
  57  4:52  Probe  
  59  4:57  Adept x2  
  59  4:59  Adept  
  65  5:01  Adept  
  65  5:02  Probe  
  68  5:08  Pylon  
  68  5:09  Probe  
  69  5:15  Probe  
  70  5:22  Adept x4  
  70  5:26  Probe  
  79  5:30  Probe  
  79  5:32  Forge  
  79  5:34  Pylon  
  80  5:38  Probe  
  82  5:47  Adept x4  
  82  5:49  Probe  
  90  5:52  Probe  
  90  5:55  Probe  
  92  5:58  Pylon  
Show
View Real Time Build Order
Export as new Build Order

Elazer Zerg 

Build Orders: Hatch First 

Get SALT Encoding   

  12  0:00  Drone  
  13  0:12  Overlord  
  13  0:17  Drone  
  14  0:31  Drone x2  
  16  0:49  Hatchery  
  15  0:52  Drone  
  15  0:56  Drone  
  17  0:59  Drone  
  18  1:10  Extractor  
  17  1:15  Spawning Pool  
  16  1:21  Drone  
  16  1:24  Drone  
  18  1:30  Drone  
  19  1:40  Drone  
  20  1:54  Drone  
  21  2:03  Queen x2  
  21  2:04  Zergling x2, Drone  
  27  2:13  Drone  
  28  2:17  Metabolic Boost  
  28  2:20  Overlord  
  28  2:39  Drone x2, Queen  
  28  2:42  Drone  
  33  2:45  Drone  
  33  2:47  Zergling x2  
  35  2:54  Hatchery  
  34  2:59  Drone  
  34  3:01  Overlord  
  35  3:10  Zergling x2  
  36  3:17  Drone  
  36  3:20  Overlord  
  36  3:21  Drone x3  
  36  3:24  Queen  
  38  3:39  Drone x4  
  40  3:47  Drone x4  
  43  3:51  Drone x2  
  45  3:59  Queen  
  47  4:03  Queen  
  47  4:08  Drone x3  
  52  4:15  Drone x3  
  55  4:19  Drone x3  
  58  4:25  Spore Crawler  
  58  4:28  Spore Crawler, Drone  
  58  4:29  Drone  
  58  4:31  Overlord  
  58  4:41  Drone  
  58  4:42  Queen  
  58  4:50  Drone x7  
  65  4:53  Drone  
  66  5:02  Overlord  
  66  5:04  Overlord  
  66  5:14  Overlord  
  68  5:21  Drone x9  
  68  5:25  Drone x2  
  76  5:28  Drone x3  
  76  5:30  Drone  
  76  5:33  Drone x3  
  76  5:35  Hatchery  
  82  5:36  Drone x2  
  82  5:41  Extractor  
  83  5:43  Extractor x2  
  83  5:44  Drone  
  83  5:45  Drone x3  
  83  5:49  Overlord  
  84  5:50  Drone  
  84  5:53  Extractor  
  84  5:54  Evolution Chamber  
  84  5:55  Evolution Chamber  
Tags
 
Add a new tag
Caveats
  • Supply blocks, unpowered buildings, or Contaminate may cause inaccurate times.
  • Supply counts are checked every 10 seconds.